 Dungeon Crawl Stone Soup version 0.28.0-43-g3370ac3207 (webtiles) character file.

Game seed: 10690900132190203393

241 Zonian the Ducker (level 5, -3/41 HPs)
             Began as a Demonspawn Gladiator on Mar 6, 2022.
             Was a Believer of Uskayaw.
             Slain by Duvessa
             ... wielding a +0 short sword
              (14 damage)
             ... on level 4 of the Dungeon.
             The game lasted 00:06:24 (5168 turns).

Zonian the Ducker (Demonspawn Gladiator)            Turns: 5168, Time: 00:06:25

Health: -3/41      AC:  3    Str: 14    XL:     5   Next: 80%
Magic:  5/5        EV: 13    Int: 17    God:    Uskayaw [**....]
Gold:   171        SH:  0    Dex: 15    Spells: 4/4 levels left

rFire   . . .      SeeInvis .   g - +3 dagger (venom)
rCold   . . .      Faith    .   (no shield)
rNeg    . . .      Spirit   .   b - +0 leather armour
rPois   .          Reflect  .   (helmet restricted)
rElec   .          Harm     .   (no cloak)
rCorr   .          Rampage  .   (no gloves)
Will    .....                   (no boots)
Stlth   +.........              (no amulet)
HPRegen 0.13/turn               j - +6 ring of intelligence
MPRegen 0.09/turn               (no ring)

@: lit by a corona, attractive, flying, glowing, invisible (but backlit and
visible)
A: antennae 2
a: Renounce Religion, Stomp, Line Pass


You were on level 4 of the Dungeon.
You worshipped Uskayaw.
Uskayaw was noncommittal.
You visited 1 branch of the dungeon, and saw 4 of its levels.

You collected 171 gold pieces.

Inventory:

Hand Weapons
 a - a +0 trident
 g - a +3 dagger of venom (weapon)
 i - a +0 dagger of flaming
Missiles
 l - 4 poisoned darts (quivered)
 m - 6 curare-tipped darts
Armour
 b - a +0 leather armour (worn)
 c - a +0 helmet
Jewellery
 j - a +6 ring of intelligence (left hand)
Potions
 e - a potion of degeneration
 h - a potion of invisibility


   Skills:
 + Level 3.4 Fighting
 * Level 2.4 Short Blades
 - Level 2.9 Polearms
 - Level 2.9 Throwing
 + Level 3.8 Dodging


You had 4 spell levels left.
You didn't know any spells.
Your spell library contained the following spells:

 Spells                   Type           Power      Damage    Failure   Level
 Magic Dart               Conj           0%         1d3       30%         1
 Searing Ray              Conj           0%         2d4       41%         2
 Fulminant Prism          Conj/Hex       0%         3d6       96%         4


Dungeon Overview and Level Annotations

Branches:
Dungeon (4/15)
 Temple: D:4-7

Altars:
Makhleb
Okawaru
Uskayaw
Wu Jian

Annotations:
D:4 Duvessa


Innate Abilities, Weirdness & Mutations

You have a pair of antennae on your head.


Message History

Duvessa hits you with a +0 short sword!
* * * LOW HITPOINT WARNING * * *
The goblin is attracted toward you.
You can no longer pass through a line of other dancers.
Throw: throwing net
Press: ? - help, Q - select action, (/) - cycle Shift-Dir - straight line, f - Duvessa
Aim: Duvessa, wielding a +0 short sword and wearing a +0 leather armour (berserk, 64% to hit)
You throw a throwing net. The throwing net hits Duvessa.
Duvessa is caught in the net!
Duvessa struggles against the net.
The goblin is attracted toward you.
You catch the helpless Duvessa completely off-guard!
You puncture Duvessa!
Duvessa is poisoned.
Duvessa is moderately wounded.
Duvessa struggles against the net.
You can now pass through a line of other dancers.
You strike the helpless Duvessa from behind!
You hit Duvessa.
Duvessa looks as sick as possible!
Duvessa is moderately wounded.
Duvessa struggles against the net.
The goblin barely misses you.
A goblin comes into view. It is wielding a +0 dagger.
The goblin is attracted toward you.
You catch the helpless Duvessa completely off-guard!
You hit Duvessa.
Duvessa looks as sick as possible!
Duvessa is heavily wounded.
Duvessa struggles against the net.
The net rips apart, and Duvessa comes free!
Duvessa misses you. The goblin is attracted toward you.
Unknown command.
You hit Duvessa.
Duvessa is heavily wounded.
The goblin hits you but does no damage. Duvessa barely misses you.
You hit Duvessa.
Duvessa looks as sick as possible!
Duvessa is heavily wounded.
Duvessa closely misses you. The goblin hits you with a +0 dagger.
* * * LOW HITPOINT WARNING * * *
Unknown command.
You hit Duvessa.
Duvessa looks as sick as possible!
Duvessa is heavily wounded.
Duvessa hits you with a +0 short sword!
You die...

###### #.. #....# #..
#....# #.#
..###########....### #.#
..................># #.#
..#####.#####....#.###.#
#.# #........... #@#
#........... #..ge#
#####....... #...g#
##.###.. #....# #.#####
#.ยง..# ########......
#....# .......{######
#....# ........{...S.
...... ........######
........#


You could see Duvessa (berserk, extremely poisoned) and 2 goblins.

Vanquished Creatures
  A centaur (D:3)
  Dowan (D:4)
  An orc wizard (D:3)
  2 gnolls (D:3)
  2 adders (D:2)
  2 dart slugs (D:1)
  5 orcs (D:3)
  3 endoplasms
  2 giant cockroaches
  3 hobgoblins
  4 jackals (D:2)
  2 quokkas
  7 ball pythons
  4 bats (D:3)
  A frilled lizard (D:1)
  A goblin (D:1)
  3 kobolds
  5 rats
49 creatures vanquished.

Notes
Turn   | Place    | Note
-------+----------+-------------------------------------------
     0 | D:1      | Zonian the Demonspawn Gladiator began the quest for the
                  | Orb.
     0 | D:1      | Reached XP level 1. HP: 16/16 MP: 1/1
   121 | D:1      | Found a faded altar of an unknown god.
   131 | D:1      | Prayed at the altar of an unknown god.
   131 | D:1      | Became a worshipper of Uskayaw the Reveller
   131 | D:1      | Reached * piety under Uskayaw
   228 | D:1      | Reached ** piety under Uskayaw
   240 | D:1      | Discovered your monstrous ancestry.
   240 | D:1      | Gained mutation: You have a pair of small antennae on your
                  | head. [demonic ancestry]
   240 | D:1      | Reached XP level 2. HP: 7/22 MP: 2/2
  1217 | D:2      | Reached *** piety under Uskayaw
  1219 | D:2      | Reached **** piety under Uskayaw
  1220 | D:2      | Reached XP level 3. HP: 17/28 MP: 3/3
  1490 | D:2      | Found an ornate altar of the Wu Jian Council.
  2844 | D:3      | Reached skill level 1 in Short Blades
  2844 | D:3      | Gained mutation: You have a pair of antennae on your head.
                  | [demonic ancestry]
  2844 | D:3      | Reached XP level 4. HP: 15/34 MP: 4/4
  3213 | D:3      | Found an iron altar of Okawaru.
  3332 | D:3      | Noticed a centaur
  3354 | D:3      | Killed a centaur
  3355 | D:3      | Reached XP level 5. HP: 3/41 MP: 5/5
  3910 | D:3      | Found a burning altar of Makhleb.
  3984 | D:3      | Found an ornate altar of the Wu Jian Council.
  5145 | D:4      | Noticed Dowan
  5158 | D:4      | Noticed Duvessa
  5158 | D:4      | Killed Dowan
  5168 | D:4      | Slain by Duvessa

Illustrated notes

Levels and vault maps discovered:
D:1:      minmay_arrival_solitary_statue, layout_basic,
          chequers_ecumenical_altar_simple_redux, nrook_uturn
D:2:      layout_rooms, basic_altar
D:3:      layout_loops_ring, lemuel_round_altar,
          mainiacjoe_overflow_catch_the_wave
D:4:      layout_basic, mainiacjoe_overflow_alcove_4, enter_ossuary_1,
          uniq_blork_the_orc, uniq_crazy_yiuf_cottage, uniq_duvessa, uniq_robin

Skill      XL: |  1  2  3  4  5 |
---------------+----------------+-----
Throwing       | 2 |  2.9
Dodging        | 3 |  3.8
Short Blades   | 1 2 |  2.4
Fighting       | 3 |  3.4
Polearms       | |  2.9

Action                   |  1- 3 |  4- 6 || total
-------------------------+-------+-------++-------
Melee: Trident           |    35 |       ||    35
       Punch             |     1 |       ||     1
       Dagger            |    69 |    51 ||   120
Throw: Throwing net      |       |     4 ||     4
Invok: Stomp             |     1 |       ||     1
  Use: Scroll            |     3 |     1 ||     4
       Potion            |       |     6 ||     6
 Stab: Paralysed         |     1 |       ||     1
       Sleeping          |       |     1 ||     1
       Held in net/web   |       |     3 ||     3
Armor: Leather armour    |    24 |    13 ||    37
Dodge: Dodged            |    74 |    34 ||   108
